 Dungeon Crawl Stone Soup version 0.21.1-1-g345015fe64 (webtiles) character file.

107 Oravi the Insei (level 4, -3/32 HPs)
             Began as a Merfolk Transmuter on Apr 27, 2018.
             Slain by an orc priest
             ... wielding a +0 great mace
              (7 damage)
             ... on level 3 of the Dungeon.
             The game lasted 00:06:58 (3214 turns).

Oravi the Insei (Merfolk Transmuter)                Turns: 3214, Time: 00:06:59

Health: -3/32      AC:  2    Str: 10    XL:     4   Next: 86%
Magic:  0/7        EV: 21    Int: 13    God:
Gold:   90         SH:  0    Dex: 19    Spells: 1/7 levels left

rFire    . . .     SeeInvis .     - Unarmed
rCold    + . .     Gourm    .   (shield currently unavailable)
rNeg     . . .     Faith    .   (armour currently unavailable)
rPois    x         Spirit   .   (helmet currently unavailable)
rElec    .         Reflect  .   (cloak currently unavailable)
rCorr    .         Harm     .   (gloves currently unavailable)
MR       .....                  (boots currently unavailable)
Stlth    ++........             (no amulet)
HPRegen  0.10/turn              f - ring of protection from cold
MPRegen  0.10/turn              (no ring)

@: spider-form
A: tiny, (change form in water), (swift swim), (stealthy swim)
a: End Transformation


You were on level 3 of the Dungeon.
You were hungry.
You were a venomous arachnid creature.
You visited 1 branch of the dungeon, and saw 3 of its levels.

You collected 90 gold pieces.

Inventory:

Missiles
 a - 26 arrows
Armour
 b - a +0 robe (melded)
 h - a +0 cloak (melded)
Jewellery
 f - a ring of protection from cold (left front leg)
 p - an uncursed amulet of harm {unknown}
Scrolls
 g - a scroll of immolation {unknown}
 i - a scroll of fear
 j - a scroll of amnesia {unknown}
 l - a scroll of remove curse
 o - a scroll of teleportation
 s - a scroll of noise {unknown}
Potions
 e - a potion of curing
 k - a potion of heal wounds {unknown}
 m - a potion of brilliance {unknown}
 n - a potion of flight {unknown}
 q - a potion of lignification {unknown}
Books
 c - a book of Changes

   Spells                             Type                      Level
   a - Beastly Appendage              Transmutation                1
   b - Sticks to Snakes               Transmutation                2
   c - Spider Form                    Transmutation/Poison         3
   d - Ice Form                       Ice/Transmutation            4
   e - Blade Hands                    Transmutation                5
 r - a book of Geomancy

   Spells                             Type                      Level
   a - Sandblast                      Earth                        1
   b - Passwall                       Transmutation/Earth          2
   c - Stone Arrow                    Conjuration/Earth            3
   d - Petrify                        Transmutation/Earth          4
   e - Lee's Rapid Deconstruction     Earth                        5
Comestibles
 d - 4 rations
 t - a chunk of flesh


   Skills:
 + Level 1.3 Fighting
 + Level 3.2 Dodging
 + Level 4.4 Unarmed Combat
 - Level 2.0 Spellcasting
 * Level 4.4 Transmutations
 * Level 1.3 Poison Magic


You had one spell level left.
You knew the following spells:

 Your Spells              Type           Power        Failure   Level  Hunger
a - Beastly Appendage     Tmut           ##....       13%         1    ##.....
b - Sticks to Snakes      Tmut           ##......     17%         2    ###....
c - Spider Form           Tmut/Pois      #.........   45%         3    ####...


Dungeon Overview and Level Annotations

Branches:
Dungeon (3/15)

Altars:
Uskayaw

Annotations:
D:2 1 runed door
D:3 Grinder


Message History

You are too injured to fight recklessly!
Casting: Spider Form
Confirm with . or Enter, or press ? or * to list all spells.
You turn into a venomous arachnid creature.
Your +0 cloak melds into your body.
Your +0 robe melds into your body.
You are too injured to fight recklessly!
You are too injured to fight recklessly!
You are too injured to fight recklessly!
You are too injured to fight recklessly!
You hit the orc priest.
The orc priest is poisoned.
The orc priest is lightly wounded.
The orc priest misses you.
You barely miss the orc priest.
The orc priest calls down the wrath of Beogh upon you.
Pain shoots through your body!
* * * LOW HITPOINT WARNING * * *
You hit the orc priest.
The orc priest is moderately wounded.
The orc priest hits you with a great mace!
You die...

#......# #.# #......#
#######.# #.....o#
........## ##...%o.#####
......... ..)....<.....
......... .....o.......
#.....################
#....o.......
#....s.......
#............
#....)....... ........#
#..(..#......
#........###)....#........
.........#.......#........
#........#.......#........
#........#...###.#........
#........##### #.#........


You could see an orc priest.

Vanquished Creatures
  Terence (D:2)
  3 adders (D:2)
  An ooze (D:2)
  An orc (D:2)
  6 bats
  3 giant cockroaches
  4 goblins
  4 hobgoblins
  8 jackals (D:1)
  A quokka (D:2)
  A ball python (D:3)
  2 frilled lizards (D:1)
  6 kobolds
  6 rats
  A fungus (D:2)
48 creatures vanquished.

Notes
Turn   | Place    | Note
-------+----------+-------------------------------------------
     0 | D:1      | Oravi the Merfolk Transmuter began the quest for the Orb.
     0 | D:1      | Reached XP level 1. HP: 15/15 MP: 3/3
    68 | D:1      | Reached XP level 2. HP: 4/21 MP: 3/5
  1017 | D:1      | Reached XP level 3. HP: 26/26 MP: 4/6
  1375 | D:1      | Learned a level 2 spell: Sticks to Snakes
  1379 | D:1      | Learned a level 3 spell: Spider Form
  1546 | D:2      | Noticed Terence
  1876 | D:2      | Reached XP level 4. HP: 32/32 MP: 1/7
  2048 | D:2      | Killed Terence
  2048 | D:2      | Reached skill level 1 in Poison Magic
  2771 | D:2      | Found a runed door.
  2870 | D:3      | Noticed a dagger
  3064 | D:3      | Found a hide-covered altar of Uskayaw.
  3064 | D:3      | Noticed a hand axe
  3163 | D:3      | Noticed Grinder
  3214 | D:3      | Slain by an orc priest

Skill      XL: |  1  2  3  4 |
---------------+-------------+-----
Transmutations | 3 4 |  4.4
Unarmed Combat | 4 |  4.4
Dodging        | 3 |  3.2
Poison Magic   | 1 |  1.3
Fighting       | |  1.3
Spellcasting   | |  2.0

Action                   |  1- 3 |  4- 6 || total
-------------------------+-------+-------++-------
Melee: Unarmed           |   101 |    51 ||   152
       Headbutt          |     6 |     3 ||     9
       Punch             |       |     1 ||     1
 Cast: Beastly Appendage |    12 |     1 ||    13
       Spider Form       |     5 |    13 ||    18
  Use: Scroll            |     4 |       ||     4
 Stab: Sleeping          |       |     2 ||     2
  Eat: Chunk             |     4 |     6 ||    10
Armor: Robe              |    10 |       ||    10
Dodge: Dodged            |    69 |    38 ||   107
